 Dungeon Crawl Stone Soup version 0.30-a0-166-g5d06c95188 (webtiles) character file.

Game seed: 5415484487065061707

69 Malachi the Sneak (level 4, -4/29 HPs)
             Began as an Octopode Brigand on Sept 29, 2022.
             Slain by a quokka (5 damage)
             ... on level 2 of the Dungeon.
             The game lasted 00:01:14 (1572 turns).

Malachi the Sneak (Octopode Brigand)                Turns: 1572, Time: 00:01:15

Health: -4/29      AC:  1    Str: 10    XL:     4   Next: 20%
Magic:  13/13      EV: 12    Int: 15    God:
Gold:   34         SH:  0    Dex: 13    Spells: 3/3 levels left

rFire   . . .      SeeInvis .    a - +2 dagger
rCold   . . .      Faith    .    (no shield)
rNeg    . . .      Spirit   .    (helmet restricted)
rPois   .          Reflect  .    (no amulet)
rElec   .          Harm     .    i - ring of magical power
rCorr   .          Rampage  .    (no ring)
Will    .....                    (no ring)
Stlth   ++++......               (no ring)
HPRegen 0.09/turn                (no ring)
MPRegen 0.13/turn                (no ring)
                                 (no ring)
                                 (no ring)

@: no status effects
A: almost no armour, amphibious, 8 rings, camouflage 1, gelatinous body 1,
(nimble swimmer 1), tentacles
a: no special abilities


You were on level 2 of the Dungeon.
You visited 1 branch of the dungeon, and saw 2 of its levels.

You collected 34 gold pieces.

Inventory:

Hand Weapons
 a - a +2 dagger (weapon)
Missiles
 b - 11 poisoned darts (quivered)
 c - 3 curare-tipped darts
Jewellery
 i - a ring of magical power (left tentacle)
 m - a ring of poison resistance
Scrolls
 d - a scroll of teleportation {unknown}
 e - a scroll of amnesia {unknown}
 h - 2 scrolls of enchant weapon {unknown}
 k - a scroll of blinking {unknown}
Potions
 f - 2 potions of might {unknown}
 g - a potion of lignification {unknown}
 j - a potion of degeneration {unknown}
 l - a potion of haste {unknown}
 n - 2 potions of brilliance {unknown}


   Skills:
 - Level 2.0 Fighting
 + Level 4.3 Short Blades
 - Level 2.0 Throwing
 - Level 1.0 Dodging
 - Level 5.3 Stealth


You had 3 spell levels left.
You didn't know any spells.
Your spell library was empty.

Dungeon Overview and Level Annotations

Branches:
Dungeon (2/15)

Altars:
Gozag

Annotations:
D:2 Robin


Innate Abilities, Weirdness & Mutations

You cannot wear most types of armour.
You are amphibious.
You can wear up to eight rings at the same time.
Your skin changes colour to match your surroundings (Stealth+).
Your rubbery body absorbs attacks. (AC +1, EV +1)
((You are camouflaged when in or above water. (Stealth+)))
You have tentacles for arms and can constrict up to eight enemies at once.


Message History

A hobgoblin is nearby!
A hobgoblin is nearby!
A goblin and a hobgoblin come into view. 2 goblins and a quokka come into view.
The goblin shouts!
The hobgoblin shouts!
Robin of the Strong Arm comes into view.
They are wielding a +0 club.
A goblin comes into view. It is wielding a +0 club.
You hear a shout!
A goblin and a hobgoblin come into view.
The goblin shouts!
A goblin comes into view. It is wielding a +0 club.
The goblin moves out of view.
The hobgoblin shouts!
The goblin shouts!
You hear a shout! x2
The hobgoblin barely misses you.
You hit the hobgoblin but do no damage. You grab the hobgoblin.
You constrict the hobgoblin. The hobgoblin closely misses you.
You hit the hobgoblin. You squeeze the hobgoblin.
You kill the hobgoblin!
The quokka bites you. The hobgoblin misses you.
The goblin hits you but does no damage. The goblin hits you with a +0 club.
Robin roars a battlecry!
The goblins go into a battle-frenzy!
You hit the hobgoblin but do no damage. You grab the hobgoblin.
You constrict the hobgoblin, but do no damage.
The quokka closely misses you. The goblin barely misses you.
The hobgoblin barely misses you. The goblin hits you with a +0 club. x2
You hit the hobgoblin.
The hobgoblin is moderately wounded.
You constrict the hobgoblin. The quokka bites you.
A goblin comes into view. It is wielding a +0 club.
The goblin hits you with a +0 club.
* * * LOW HITPOINT WARNING * * *
The hobgoblin hits you but does no damage.
The goblin closely misses you. The goblin hits you with a +0 club.
* * * LOW HITPOINT WARNING * * *
Robin throws the goblin at you!
* * * LOW HITPOINT WARNING * * *
You release your grip on the hobgoblin.
The quokka attacks as you move away! The quokka bites you.
You die... ##.#### ....# #.# ...## #.# ....# ##'## ...# ##...## # ggg#

##.....## #.###g.##
##.).....##
###.#.gggg####.........#
.......@g....+.........'
###.#.#gr.####.........#
#.#.#..## ##.......##
#.....## ##.....##
###.### ##...##
#.######## ##+##
#........# #.#####
#..#####.# #......
#..#####.# ##..####


You could see Robin, a quokka, 2 hobgoblins and 7 goblins.

Vanquished Creatures
  Natasha (D:2)
  An adder (D:2)
  A dart slug (D:1)
  A ball python (D:2)
  2 bats (D:1)
  2 endoplasms (D:1)
  2 giant cockroaches
  4 goblins (D:1)
  6 hobgoblins
  3 kobolds
  2 quokkas
  3 frilled lizards (D:1)
  A rat (D:1)
29 creatures vanquished.

Notes
Turn   | Place    | Note
-------+----------+-------------------------------------------
     0 | D:1      | Malachi the Octopode Brigand began the quest for the Orb.
     0 | D:1      | Reached XP level 1. HP: 14/14 MP: 1/1
   127 | D:1      | Reached XP level 2. HP: 12/19 MP: 2/2
   500 | D:1      | Found a faded altar of an unknown god.
   903 | D:1      | Reached XP level 3. HP: 24/24 MP: 3/3
  1265 | D:2      | Found an opulent altar of Gozag.
  1367 | D:2      | Noticed Natasha
  1370 | D:2      | Killed Natasha
  1385 | D:2      | Reached XP level 4. HP: 29/29 MP: 4/4
  1565 | D:2      | Noticed Robin
  1571 | D:2      | HP: 1/29 [Robin/goblin (1)]
  1572 | D:2      | Slain by a quokka

Illustrated notes

Levels and vault maps discovered:
D:1:      psy_arrival_whirlpool, layout_basic,
          hellmonk_ecumenical_altar_pennies_from_heaven, minmay_hedge_maze,
          minmay_liquid_box, minmay_pentomino_v4
D:2:      minmay_razor_zed, layout_loops_corners, basic_altar, uniq_robin,
          uniq_natasha

Skill      XL: |  1  2  3 |
---------------+----------+-----
Short Blades   | 3 4 |  4.3
Fighting       | |  2.0
Throwing       | |  2.0
Dodging        | |  1.0
Stealth        | |  5.3

Action                   |  1- 3 |  4- 6 || total
-------------------------+-------+-------++-------
Melee: Dagger            |    50 |    10 ||    60
       Tentacles         |    11 |     2 ||    13
       Constrict         |    12 |     4 ||    16
 Stab: Sleeping          |     6 |     2 ||     8
Armor: Skin              |     1 |     3 ||     4
Dodge: Dodged            |    28 |     9 ||    37

Table legend: (Time is in decaauts)
 A = Elapsed time spent in this place.
 B = Non-inter-level travel time spent in this place.
 C = Inter-level travel time spent in this place.
 D = Time resting spent in this place.
 E = Time spent auto-exploring this place.
 F = Levels seen in this place.
 G = Mean time per level.
                   A        B        C        D        E       F      G
               +--------+--------+--------+--------+--------+-----+--------+
         Total |   1561 |   1500 |     61 |      0 |   1310 |   2 |  780.5 |
       Dungeon |   1561 |   1500 |     61 |      0 |   1310 |   2 |  780.5 |
               +--------+--------+--------+--------+--------+-----+--------+

Top non-repeatable levels by time:
     D:1: 1257 daAuts
     D:2: 303 daAuts
